 Dungeon Crawl Stone Soup version 0.25-a0-365-g7600c65 (webtiles) character file.

Game seed: 11585761313026894115, levelgen mode: deterministic

33332 Birdy the Covert (level 13, 0/72 HPs)
             Began as a Vine Stalker Assassin on Jan 5, 2020.
             Was the Champion of Wu Jian.
             Slain by a five-headed hydra (3 damage)
             ... on level 5 of the Lair of Beasts.
             The game lasted 00:39:57 (13445 turns).

Birdy the Covert (Vine Stalker Assassin)           Turns: 13445, Time: 00:39:58

Health: 0/72       AC: 12    Str: 15    XL:     13   Next: 70%
Magic:  0/28       EV: 23    Int: 13    God:    Wu Jian [******]
Gold:   1184       SH:  0    Dex: 20    Spells: 32/33 levels left

rFire    . . .     SeeInvis .   a - +5 short sword (vamp)
rCold    + . .     Gourm    .   (no shield)
rNeg     . . .     Faith    .   t - +1 leather armour of Yleuh {rElec rC+ Int+2}
rPois    +         Spirit   +   A - +1 helmet
rElec    +         Reflect  .   c - +2 cloak
rCorr    .         Harm     .   r - +1 pair of gloves
MR       ++...                  (no boots)
Stlth    ++++++....             n - amulet of magic regeneration
HPRegen  1.02/turn              i - +4 ring of evasion
MPRegen  0.46/turn              q - ring of poison resistance

@: slowed, very slow
A: fangs 3, yellow scales 1, blurry vision 1, deformed body, magic resistance 1,
regeneration 2, magic shield, antimagic bite, no potion heal 3, rot immunity
a: Wall Jump, Serpent's Lash, Heavenly Storm, Renounce Religion


You were on level 5 of the Lair of Beasts.
You worshipped Wu Jian.
Wu Jian was exalted by your worship.
You were hungry.

You visited 3 branches of the dungeon, and saw 18 of its levels.
You also visited: Ossuary.

You collected 1184 gold pieces.

Inventory:

Hand Weapons
 a - a +5 vampiric short sword (weapon)
 u - a +2 dagger of venom
 F - a +0 battleaxe
Missiles
 b - a throwing net (quivered)
 d - 97 poisoned darts
 s - 4 curare-tipped darts
Armour
 c - a +2 cloak (worn)
 r - a +1 pair of gloves (worn)
 t - the +1 leather armour of Yleuh (worn) {rElec rC+ Int+2}
   (You found it on level 6 of the Dungeon)

   It affects your intelligence (+2).
   It protects you from cold.
   It insulates you from electricity.
 A - a +1 helmet (worn)
 H - the cursed +1 robe of the Storm King {SInv}
   (You found it on level 12 of the Dungeon)

   It lets you see invisible.
   It has a curse placed upon it.
Jewellery
 i - a +4 ring of evasion (left hand)
 n - an amulet of magic regeneration (around neck)
 q - a ring of poison resistance (right hand)
 w - an uncursed ring of positive energy
Wands
 m - a wand of acid (5)
 p - a wand of iceblast (34)
 G - a wand of disintegration (16)
Scrolls
 j - a scroll of holy word
 k - 3 scrolls of teleportation
 l - 2 scrolls of magic mapping
 o - 6 scrolls of remove curse
 v - 4 scrolls of blinking
 x - 2 scrolls of fear
 y - 2 scrolls of enchant weapon
 z - 2 scrolls of amnesia
 C - 3 scrolls of identify
 D - 2 scrolls of torment
 E - a scroll of fog
 L - a scroll of vulnerability
Potions
 e - 5 potions of haste
 g - 4 potions of curing
 h - 7 potions of brilliance
 B - a potion of berserk rage
 J - a potion of magic
Comestibles
 f - 27 rations


   Skills:
 + Level 9.9 Fighting
 - Level 2.0 Short Blades
 - Level 1.7 Throwing
 - Level 4.0 Armour
 + Level 9.0 Dodging
 + Level 14.1 Stealth
 + Level 10.6 Spellcasting
 * Level 8.1 Summonings


You had 32 spell levels left.
You knew the following spells:

 Your Spells              Type           Power        Failure   Level  Hunger
a - Summon Small Mammal   Summ           ####         1%          1    None

Your spell library contained the following spells:

 Spells                   Type           Power        Failure   Level  Hunger
 Summon Butterflies       Summ           ####....     1%          1    None
 Animate Skeleton         Necr           N/A          13%         1    None
 Apportation              Tloc           #.....       13%         1    None
 Beastly Appendage        Tmut           #.....       13%         1    None
 Confusing Touch          Hex            #.....       13%         1    None
 Corona                   Hex            #......      13%         1    None
 Pain                     Necr           #...         13%         1    None
 Sandblast                Erth           #.....       13%         1    None
 Ensorcelled Hibernation  Hex/Ice        #.....       21%         2    None
 Passwall                 Tmut/Erth      #.......     21%         2    None
 Poisonous Vapours        Pois/Air       #.....       21%         2    None
 Sticks to Snakes         Tmut           #.......     21%         2    None
 Confuse                  Hex            #.......     36%         3    #......
 Conjure Flame            Conj/Fire      #.......     36%         3    #......
 Dazzling Flash           Conj/Hex       #.....       36%         3    #......
 Lesser Beckoning         Tloc           #.........   36%         3    #......
 Mephitic Cloud           Conj/Pois/Air  #.......     36%         3    #......
 Spider Form              Tmut/Pois      #.........   36%         3    #......
 Stone Arrow              Conj/Erth      #.....       36%         3    #......
 Tukima's Dance           Hex            #.......     36%         3    #......
 Vampiric Draining        Necr           #.........   36%         3    #......
 Animate Dead             Necr           N/A          78%         4    ###....
 Ice Form                 Ice/Tmut       #.......     78%         4    ###....
 Petrify                  Tmut/Erth      #.......     78%         4    ###....
 Agony                    Necr           #.......     98%         5    #####..
 Alistair's Intoxication  Tmut/Pois      #.......     98%         5    #####..
 Blade Hands              Tmut           #.........   98%         5    #####..
 Lee's Rapid Deconstruct  Erth           #.........   98%         5    #####..
 Freezing Cloud           Conj/Ice/Air   #.........   100%        6    ######.
 Invisibility             Hex            #.......     100%        6    ######.
 Ring of Flames           Chrm/Fire      #.........   100%        7    #######


Dungeon Overview and Level Annotations

Branches:
Dungeon (12/15)            Temple (1/1) D:4            Lair (5/6) D:10
  Swamp (0/4) Lair:3       Spider (0/4) Lair:4          Orc (0/2) D:9
Ossuary (visited)
  Slime: Lair:5-6

Altars:
Cheibriados
Dithmenos
Hepliaklqana
Kikubaaqudgha
Nemelex Xobeh
Ru
Trog
Uskayaw
Vehumet
Wu Jian
Yredelemnul
The Shining One

Shops:
D:5 [   D:6 [(   D:7 (   D:9 (   D:10 :

Annotations:
D:12 Urug
Lair:3 3 runed translucent doors, Pooter's ghost, journeyman GrMo


Innate Abilities, Weirdness & Mutations

You have razor-sharp teeth.
You heal very quickly.
When hurt, damage is shared between your health and your magic reserves.
Your bite disrupts and absorbs the magic of your enemies.
Potions cannot restore your health.
You are immune to rotting.
You are partially covered in yellow scales. (AC +2)
Scrolls take you a little longer to read.
Armour fits poorly on your strangely shaped body.
You are resistant to hostile enchantments. (MR+)


Message History

The five-headed hydra barely misses you.
The five-headed hydra closely misses you.
The five-headed hydra bites you.
The five-headed hydra barely misses you.
Unknown command.
Really read with blurry vision while enemies are nearby?
The torpor snail bites you!! The five-headed hydra bites you!
* * * LOW HITPOINT WARNING * * *
The five-headed hydra bites you!
* * * LOW HITPOINT WARNING * * *
The five-headed hydra completely misses you.
The five-headed hydra closely misses you.
The five-headed hydra misses you.
You begin reading the scroll.
You continue reading the scroll.
The five-headed hydra bites you!
* * * LOW HITPOINT WARNING * * *
The five-headed hydra barely misses you.
The five-headed hydra completely misses you.
The five-headed hydra bites you.
You die...

.#.... ###.......
##..........
##P............
#..............
#.....#........
###......#.#.P#..
##.......P......# .
.......@D.P...P##P.
......w........P..P
.........#..>(.....
♣..................
♣♣♣................
♣.........$..P♣..
♣♣.........P.≈≈♣
♣♣♣.....$.≈..≈≈≈
♣......P≈.≈≈≈≈


You could see a five-headed hydra and a torpor snail.

Vanquished Creatures
  4 hydras
  Fannar (Lair:3)
  Harold (D:9)
  4 death yaks
  Sonja (Lair:4)
  A cyclops (D:12)
  Maurice (D:12)
  3 centaur skeletons
  9 spiny frogs
  A rime drake (Lair:4)
  4 komodo dragons
  3 trolls
  4 blink frogs (Lair:4)
  7 hippogriffs
  Sigmund (D:2)
  2 wyverns
  2 vampires
  A shadow (D:12)
  4 fire bats (Lair:1)
  42 yaks
  4 vampire mosquitoes (D:12)
  3 wargs (D:10)
  A soldier ant (D:12)
  Duvessa (D:6)
  12 water moccasins
  6 porcupines
  4 ice beasts
  8 orc warriors
  A phantom (D:11)
  5 sky beasts
  9 ogres
  An eye of draining (D:10)
  5 wolves (Lair:3)
  A necrophage (D:6)
  4 centaurs
  4 crocodiles
  Blork the orc (D:6)
  A wyvern zombie (D:7)
  An elf zombie (Ossuary)
  A gnoll sergeant (D:8)
  9 bullfrogs
  Dowan (D:6)
  A wyvern skeleton (D:10)
  4 scorpions
  9 killer bees
  2 howler monkeys
  12 wights
  4 crimson imps
  A bullfrog zombie (D:5)
  3 centaur zombies
  8 hounds
  2 jellies
  6 orc priests
  A gnoll shaman (D:4)
  A human zombie (Ossuary)
  A bullfrog skeleton (D:4)
  5 iguanas
  Ijyb (D:5)
  Terence (D:3)
  11 orc wizards
  12 worker ants
  A killer bee zombie (D:10)
  2 hound skeletons (D:4)
  4 hound zombies
  4 mummies (Ossuary)
  A worker ant zombie (D:11)
  A howler monkey skeleton (D:8)
  8 gnolls
  4 adders
  4 shadow imps
  3 adder zombies
  3 worms
  A dart slug (D:1)
  5 leopard geckos
  41 orcs
  11 bats
  3 giant cockroaches (D:1)
  3 gnoll zombies (Ossuary)
  7 goblins
  9 hobgoblins
  7 jackals
  5 quokkas
  6 frilled lizards
  2 hobgoblin zombies (Ossuary)
  A jackal zombie (Ossuary)
  6 kobolds
  An orc zombie (Ossuary)
  8 rats
415 creatures vanquished.

Vanquished Creatures (others)
  6 fungi (Lair:4)
  3 plants
  11 toadstools (Lair:5)
20 creatures vanquished.

Grand Total: 435 creatures vanquished

Notes
Turn   | Place    | Note
-------+----------+-------------------------------------------
     0 | D:1      | Birdy the Vine Stalker Assassin began the quest for the
                  | Orb.
     0 | D:1      | Reached XP level 1. HP: 11/11 MP: 2/2
   169 | D:1      | Reached skill level 1 in Dodging
   169 | D:1      | Reached XP level 2. HP: 5/15 MP: 3/3
   175 | D:1      | Reached skill level 5 in Stealth
   876 | D:1      | Reached skill level 1 in Spellcasting
   876 | D:1      | Reached XP level 3. HP: 1/18 MP: 2/5
  1374 | D:2      | Noticed Sigmund
  1382 | D:2      | Killed Sigmund
  1382 | D:2      | Reached skill level 1 in Armour
  1382 | D:2      | Gained mutation: Your natural rate of healing is unusually
                  | fast. [Vine Stalker growth]
  1382 | D:2      | Reached XP level 4. HP: 23/23 MP: 5/8
  1382 | D:2      | Reached XP level 5. HP: 27/27 MP: 5/9
  2041 | D:3      | Reached XP level 6. HP: 32/32 MP: 10/10
  2156 | D:3      | Found a shadowy altar of Dithmenos.
  2156 | D:3      | Found a basalt altar of Yredelemnul.
  2157 | D:3      | Found a hazy altar of Hepliaklqana.
  2298 | D:3      | Noticed Terence
  2305 | D:3      | Killed Terence
  2305 | D:3      | Reached skill level 6 in Stealth
  2355 | D:3      | Found a glowing golden altar of the Shining One.
  2817 | D:4      | Found a hide-covered altar of Uskayaw.
  2867 | D:4      | Reached XP level 7. HP: 36/36 MP: 10/12
  2914 | D:4      | Gained mutation: You are resistant to hostile enchantments.
                  | (MR+) [potion of mutation]
  2914 | D:4      | Gained mutation: Scrolls take you a little longer to read.
                  | [potion of mutation]
  2914 | D:4      | Gained mutation: Armour fits poorly on your strangely
                  | shaped body. [potion of mutation]
  2914 | D:4      | Gained mutation: You are partially covered in yellow
                  | scales. (AC +2) [potion of mutation]
  3180 | D:4      | Found a staircase to the Ecumenical Temple.
  3189 | Temple   | Entered the Ecumenical Temple
  3197 | Temple   | Became a worshipper of the Wu Jian Council
  3749 | D:5      | Entered Level 5 of the Dungeon
  3760 | D:5      | Reached skill level 7 in Stealth
  3777 | D:5      | Gained mutation: You have razor-sharp teeth. [Vine Stalker
                  | growth]
  3777 | D:5      | Reached XP level 8. HP: 39/42 MP: 11/14
  3828 | D:5      | Noticed Ijyb
  3835 | D:5      | Killed Ijyb
  3902 | D:5      | Found Tiboaff's Armour Emporium.
  4183 | D:5      | Found a sacrificial altar of Ru.
  4198 | D:5      | Reached * piety under Wu Jian
  4422 | D:6      | Reached skill level 8 in Stealth
  4471 | D:6      | Reached XP level 9. HP: 17/46 MP: 13/16
  4528 | D:6      | Got a shimmering leather armour
  4539 | D:6      | Identified the cursed +1 leather armour of Yleuh {rElec rC+
                  | Int+2} (You found it on level 6 of the Dungeon)
  4568 | D:6      | Found Wyvutemif's Weapon Shop.
  4581 | D:6      | Noticed Duvessa
  4582 | D:6      | Noticed Dowan
  4583 | D:6      | Killed Duvessa
  4590 | D:6      | Killed Dowan
  4590 | D:6      | Reached skill level 5 in Fighting
  4660 | D:6      | Reached skill level 5 in Spellcasting
  4764 | D:6      | Found Damajaci's Antique Armour Emporium.
  4857 | D:6      | Noticed Blork the orc
  4880 | D:6      | Killed Blork the orc
  5153 | D:7      | Reached skill level 9 in Stealth
  5158 | D:7      | Found a sand-covered staircase.
  5166 | Ossuary  | Entered an ossuary
  5179 | Ossuary  | Reached ** piety under Wu Jian
  5442 | D:7      | Found Gaxkiask's Weapon Shoppe.
  5487 | D:7      | Reached skill level 5 in Dodging
  5741 | D:7      | Reached XP level 10. HP: 53/53 MP: 20/20
  5966 | D:7      | Reached skill level 10 in Stealth
  6302 | D:8      | Reached *** piety under Wu Jian
  6626 | D:8      | Found a radiant altar of Vehumet.
  6793 | D:8      | Found a bloodstained altar of Trog.
  6794 | D:8      | Found an ancient bone altar of Kikubaaqudgha.
  7017 | D:9      | Reached skill level 11 in Stealth
  7053 | D:9      | Reached XP level 11. HP: 58/58 MP: 23/23
  7078 | D:9      | Reached **** piety under Wu Jian
  7135 | D:9      | Found a staircase to the Orcish Mines.
  7137 | D:9      | Found Jeno's Weapon Boutique.
  7606 | D:9      | Noticed Harold
  7634 | D:9      | Killed Harold
  8022 | D:10     | Entered Level 10 of the Dungeon
  8189 | D:10     | Reached skill level 12 in Stealth
  8213 | D:10     | Found a staircase to the Lair.
  8256 | D:10     | Reached ***** piety under Wu Jian
  8643 | D:10     | Found Beoreep's Book Shoppe.
  9137 | D:11     | Learned a level 1 spell: Summon Small Mammal
  9343 | D:12     | Reached skill level 1 in Summonings
  9398 | D:12     | Gained mutation: You heal very quickly. [Vine Stalker
                  | growth]
  9398 | D:12     | Reached XP level 12. HP: 65/65 MP: 26/26
  9446 | D:12     | Got a sheer robe
  9463 | D:12     | Identified the cursed +1 robe of the Storm King {SInv} (You
                  | found it on level 12 of the Dungeon)
  9508 | D:12     | Noticed Maurice
  9515 | D:12     | Killed Maurice
  9579 | D:12     | Noticed an eight-headed hydra
  9585 | D:12     | Killed an eight-headed hydra
  9710 | D:12     | Noticed Urug
 10028 | Lair:1   | Entered Level 1 of the Lair of Beasts
 10384 | Lair:1   | Reached skill level 13 in Stealth
 10828 | Lair:2   | Reached skill level 5 in Summonings
 11115 | Lair:2   | Reached ****** piety under Wu Jian
 11238 | Lair:3   | Noticed Fannar
 11250 | Lair:3   | Killed Fannar
 11275 | Lair:3   | Found a runed translucent gate.
 11276 | Lair:3   | Found a runed translucent gate.
 11324 | Lair:3   | Reached skill level 10 in Spellcasting
 11349 | Lair:3   | Reached XP level 13. HP: 38/70 MP: 15/28
 11407 | Lair:3   | Found a runed translucent gate.
 11579 | Lair:3   | Found a staircase to the Swamp.
 12029 | Lair:3   | Noticed Pooter's ghost (journeyman GrMo)
 12196 | Lair:4   | Noticed Sonja
 12213 | Lair:4   | Killed Sonja
 13010 | Lair:4   | Found a hole to the Spider Nest.
 13058 | Lair:4   | Reached skill level 14 in Stealth
 13445 | Lair:5   | HP: 3/72 [five-headed hydra (7)]
 13445 | Lair:5   | Slain by a five-headed hydra

Levels and vault maps discovered:
D:1:      dpeg_arrival_circle_labyrinth_a, layout_basic
D:2:      layout_loops_ring, hangedman_feature_mirror, uniq_sigmund
D:3:      layout_basic, gammafunk_temple_overflow_claw,
          nicolae_tso_carved_into_rock, uniq_terence
D:4:      layout_basic, eat_drink_and_be_merry_uskayaw,
          minmay_temple_entry_mist, first_ration
D:5:      layout_basic, nicolae_ru_sacrificial_ziggurat, serial_shops,
          nicolae_shop_stone, uniq_ijyb
D:6:      layout_basic, serial_shops, nicolae_shop_behind_doors, shop,
          uniq_blork_the_orc, uniq_duvessa
D:7:      layout_loops_ring, enter_ossuary_3, serial_shops, nicolae_shop_crystal
D:8:      layout_loops_ring, grunt_temple_overflow_open
D:9:      layout_basic, orc_david_3, uniq_harold
D:10:     layout_loops_ring, erik_lair_orcish_takeover, serial_shops, shop
D:11:     layout_loops_cross
D:12:     layout_cave_pools, uniq_urug, uniq_maurice
Temple:   dshaligram_water_room_temple
Lair:1:   layout_gridlike
Lair:2:   layout_big_grid, infiniplex_staircase_pool_2, serial_bayou_shore_a
Lair:3:   layout_chaotic_city, palyth_hydra_swamp_entry,
          gammafunk_ghost_necromancy, st_stairs_13, beast_lair_carwin_5,
          uniq_fannar
Lair:4:   layout_regular_city, dummy_spider_entry, st_stairs_11, uniq_sonja
Lair:5:   gammafunk_lair_enchanted_lake, layout_hall_layers, serial_bayou,
          serial_bayou_crossing, serial_bayou_pond_c, serial_bayou_pond_b,
          serial_bayou_pond_b, serial_bayou_pond_a, patterned_corridor

Skill      XL: |  1  2  3  4  5  6  7  8  9 10 11 12 13 |
---------------+----------------------------------------+-----
Dodging        | 1 2 3 4 5 6 7 8 9 |  9.0
Stealth        | 5 6 7 8 9 11 12 13 14 | 14.1
Fighting       | 2 3 4 6 7 8 9 |  9.9
Spellcasting   | 1 2 3 4 6 7 9 10 | 10.6
Armour         | 1 2 3 4 |  4.0
Short Blades   | 2 |  2.0
Summonings     | 1 6 8 |  8.1
Throwing       | |  1.7

Action                   |  1- 3 |  4- 6 |  7- 9 | 10-12 | 13-15 || total
-------------------------+-------+-------+-------+-------+-------++-------
Melee: Dagger            |    73 |    83 |   291 |    20 |       ||   467
       Bite              |    15 |    25 |   143 |   407 |   201 ||   791
       Short sword       |       |       |   176 |  1053 |   424 ||  1653
Throw: Dart              |       |     2 |    14 |       |       ||    16
       Throwing net      |       |       |       |     4 |     1 ||     5
 Cast: Summon Small Mamm |       |       |       |     7 |       ||     7
Invok: Lunge             |       |       |    44 |    60 |    12 ||   116
       Whirlwind         |       |       |    54 |    75 |    19 ||   148
 Abil: Wall Jump         |       |       |       |     5 |     1 ||     6
Evoke: Wand              |       |       |     2 |    10 |     1 ||    13
  Use: Scroll            |     3 |     3 |     5 |    15 |     1 ||    27
       Potion            |     3 |     1 |     5 |     2 |     4 ||    15
 Stab: Sleeping          |     6 |    18 |    24 |    41 |    10 ||    99
       Distracted        |       |       |       |     1 |       ||     1
       Held in net/web   |       |       |       |     2 |     1 ||     3
  Eat: Chunk             |     1 |     5 |     6 |    20 |     4 ||    36
       Ration            |       |       |     1 |       |     1 ||     2
Armor: Robe              |    26 |     8 |    26 |       |       ||    60
       Leather armour    |       |       |    25 |   165 |    57 ||   247
Dodge: Dodged            |    46 |    46 |   289 |   991 |   418 ||  1790

Table legend:
 A = Non-vault XP
 B = Vault XP
 C = Vault XP percentage of total XP
 D = Non-vault monster count
 E = Vault monster count
 F = Vault count percentage of total count
                 A         B        C        D         E       F
            +---------+---------+-------+---------+---------+-------
      Total |   37607 |   10011 |  21.0 |     362 |      53 |  12.8
            +---------+---------+-------+---------+---------+-------
        D:1 |      39 |       0 |   0.0 |      25 |       0 |   0.0
        D:2 |      32 |     247 |  88.5 |      11 |       3 |  21.4
        D:3 |      36 |      36 |  50.0 |      19 |       1 |   5.0
        D:4 |     586 |       0 |   0.0 |      30 |       0 |   0.0
        D:5 |    1041 |      36 |   3.3 |      24 |       1 |   4.0
        D:6 |     974 |     319 |  24.7 |      18 |       3 |  14.3
        D:7 |    1970 |       0 |   0.0 |      27 |       0 |   0.0
        D:8 |    3003 |       0 |   0.0 |      38 |       0 |   0.0
        D:9 |    2029 |    1214 |  37.4 |      21 |       6 |  22.2
       D:10 |    4496 |     603 |  11.8 |      34 |       7 |  17.1
       D:11 |    1041 |       0 |   0.0 |      15 |       0 |   0.0
       D:12 |    3700 |     508 |  12.1 |      25 |       1 |   3.8
     Lair:1 |    4179 |       0 |   0.0 |      21 |       0 |   0.0
     Lair:2 |    2614 |       0 |   0.0 |      11 |       0 |   0.0
     Lair:3 |    4565 |    5498 |  54.6 |      22 |      11 |  33.3
     Lair:4 |    7302 |    1295 |  15.1 |      21 |       4 |  16.0
    Ossuary |       0 |     255 | 100.0 |       0 |      16 | 100.0
            +---------+---------+-------+---------+---------+-------
